TOP OF THE 1ST |
Utica Unicorns batting - Pitching for Memphis Redbirds : RHP António Cruz
|
Pitching: RHP António Cruz
|
|
Batting: RHB John Jones
|
0-0: Ball 1-0: Ball 2-0: Called Strike 2-1: Ball 3-1: Base on Balls
|
Batting: LHB Raúl Morales
|
0-0: Ball 1-0: Fly out, F6 (Flyball, 56D)
|
Batting: LHB Dave Reynolds
|
0-0: Ball 1-0: Called Strike 1-1: Foul Ball, location: 2F 1-2: Fielders Choice at 2nd, 2-4 (Groundball, 2L)
|
Batting: LHB José Román
|
0-0: Ball 1-0: Ball 2-0: DOUBLE (Line Drive, 89XD) Dave Reynolds to third Runner from 3rd tries for Home, throw and OUT!
|
Top of the 1st over - 0 runs, 1 hit, 0 errors, 1 left on base; Utica 0 - Memphis 0 |
BOTTOM OF THE 1ST |
Memphis Redbirds batting - Pitching for Utica Unicorns : RHP Paul Clark
|
Pitching: RHP Paul Clark
|
|
Batting: RHB Stan Taylor
|
0-0: Ball 1-0: Called Strike 1-1: Fly out, F9 (Flyball, 9D)
|
Batting: RHB Félix Gonzáles
|
0-0: Called Strike 0-1: Ball 1-1: Ball 2-1: Ball 3-1: Foul Ball, location: 2F 3-2: Foul Ball, location: 2F 3-2: Base on Balls
|
Batting: LHB Milo Powers
|
0-0: Called Strike 0-1: Ball 1-1: Grounds into double play, 2-6-3 (Groundball, 2R)
|
Bottom of the 1st over - 0 runs, 0 hits, 0 errors, 0 left on base; Utica 0 - Memphis 0 |
TOP OF THE 2ND |
Utica Unicorns batting - Pitching for Memphis Redbirds : RHP António Cruz
|
Batting: RHB Kenny Cole
|
0-0: Fly out, F9 (Flyball, 9LS)
|
Batting: SHB Ralph Robison
|
0-0: Ball 1-0: Called Strike 1-1: Foul Ball, location: 2F 1-2: Foul Ball, location: 2F 1-2: Ball 2-2: Ball 3-2: Foul Ball, location: 2F 3-2: Base on Balls
|
Batting: RHB Micheal Banks
|
0-0: Ball 1-0: Fly out, F6 (Popup, 56D)
|
Batting: RHB Marcos Castillo
|
0-0: Called Strike 0-1: Foul Ball, location: 2F 0-2: Ball 1-2: Strikes out swinging
|
Top of the 2nd over - 0 runs, 0 hits, 0 errors, 1 left on base; Utica 0 - Memphis 0 |
BOTTOM OF THE 2ND |
Memphis Redbirds batting - Pitching for Utica Unicorns : RHP Paul Clark
|
Batting: LHB Mike Pearson
|
0-0: Ball 1-0: Swinging Strike 1-1: Swinging Strike 1-2: Ground out 4-3 (Groundball, 4)
|
Batting: SHB Javier Peña
|
0-0: Ball 1-0: Swinging Strike 1-1: Ball 2-1: Ball 3-1: Foul Ball, location: 2F 3-2: Base on Balls
|
Batting: SHB José Cruz
|
0-0: Ball 1-0: Ball 2-0: Ball 3-0: Foul Ball, location: 2F 3-1: Called Strike 3-2: Strikes out swinging Javier Peña steals 2nd base Batter strikes out.
|
Batting: RHB Desi Thompson
|
Balk! Javier Peña to third 0-0: Ground out 4-3 (Groundball, 4)
|
Bottom of the 2nd over - 0 runs, 0 hits, 0 errors, 1 left on base; Utica 0 - Memphis 0 |
TOP OF THE 3RD |
Utica Unicorns batting - Pitching for Memphis Redbirds : RHP António Cruz
|
Batting: RHB Pablo Díaz
|
0-0: Ground out 6-3 (Groundball, 6)
|
Batting: RHB John Jones
|
0-0: Ball 1-0: Ball 2-0: Ball 3-0: Base on Balls
|
Batting: LHB Raúl Morales
|
0-0: Ball 1-0: Called Strike 1-1: SINGLE (Line Drive, 5D) John Jones to second
|
Batting: LHB Dave Reynolds
|
0-0: Ball 1-0: Called Strike 1-1: Grounds into double play, 3-6-1 (Groundball, 3)
|
Top of the 3rd over - 0 runs, 1 hit, 0 errors, 1 left on base; Utica 0 - Memphis 0 |
BOTTOM OF THE 3RD |
Memphis Redbirds batting - Pitching for Utica Unicorns : RHP Paul Clark
|
Batting: RHB Rusty Bennett
|
0-0: Swinging Strike 0-1: Swinging Strike 0-2: Foul Ball, location: 2F 0-2: Ball 1-2: Strikes out swinging
|
Batting: LHB Dudley Cooper
|
0-0: Ball 1-0: Swinging Strike 1-1: Ball 2-1: Ball 3-1: Foul Ball, location: 2F 3-2: Foul Ball, location: 2F 3-2: Fly out, F4 (Popup, 3D)
|
Batting: RHB Stan Taylor
|
0-0: Ball 1-0: Called Strike 1-1: Foul Ball, location: 2F 1-2: Strikes out swinging
|
Bottom of the 3rd over - 0 runs, 0 hits, 0 errors, 0 left on base; Utica 0 - Memphis 0 |
TOP OF THE 4TH |
Utica Unicorns batting - Pitching for Memphis Redbirds : RHP António Cruz
|
Batting: LHB José Román
|
0-0: Ball 1-0: Called Strike 1-1: Ball 2-1: Ball 3-1: Foul Ball, location: 2F 3-2: Base on Balls
|
Batting: RHB Kenny Cole
|
0-0: Swinging Strike 0-1: Foul Ball, location: 2F 0-2: Ball 1-2: Strikes out swinging
|
Batting: SHB Ralph Robison
|
0-0: Ball 1-0: Foul Ball, location: 2F 1-1: Swinging Strike 1-2: Strikes out swinging
|
Batting: RHB Micheal Banks
|
0-0: Foul Ball, location: 2F 0-1: Foul Ball, location: 2F 0-2: Foul Ball, location: 2F 0-2: Ball 1-2: Ball 2-2: Foul Ball, location: 2F 2-2: Foul Ball, location: 2F 2-2: Fly out, F9 (Flyball, 9LM)
|
Top of the 4th over - 0 runs, 0 hits, 0 errors, 1 left on base; Utica 0 - Memphis 0 |
BOTTOM OF THE 4TH |
Memphis Redbirds batting - Pitching for Utica Unicorns : RHP Paul Clark
|
Batting: RHB Félix Gonzáles
|
0-0: Called Strike 0-1: Ball 1-1: Swinging Strike 1-2: Strikes out swinging
|
Batting: LHB Milo Powers
|
0-0: Ball 1-0: Ball 2-0: Ball 3-0: Called Strike 3-1: Swinging Strike 3-2: Strikes out swinging
|
Batting: LHB Mike Pearson
|
0-0: Fly out, F7 (Flyball, 7)
|
Bottom of the 4th over - 0 runs, 0 hits, 0 errors, 0 left on base; Utica 0 - Memphis 0 |
TOP OF THE 5TH |
Utica Unicorns batting - Pitching for Memphis Redbirds : RHP António Cruz
|
Batting: RHB Marcos Castillo
|
0-0: Ball 1-0: Ground out 5-3 (Groundball, 56S)
|
Batting: RHB Pablo Díaz
|
0-0: Foul Ball, location: 2F 0-1: Fly out, F8 (Flyball, 8LXD)
|
Batting: RHB John Jones
|
0-0: Ground out 5-3 (Groundball, 56)
|
Top of the 5th over - 0 runs, 0 hits, 0 errors, 0 left on base; Utica 0 - Memphis 0 |
BOTTOM OF THE 5TH |
Memphis Redbirds batting - Pitching for Utica Unicorns : RHP Paul Clark
|
Batting: SHB Javier Peña
|
0-0: SINGLE (Flyball, 8RS)
|
Batting: SHB José Cruz
|
0-0: Called Strike 0-1: Ball 1-1: Called Strike 1-2: Fielders Choice at 2nd, 6-4 (Groundball, 56)
|
Batting: RHB Desi Thompson
|
0-0: Ball 1-0: Called Strike 1-1: Ball 2-1: SINGLE (Flyball, 8LS) José Cruz to second
|
Batting: RHB Rusty Bennett
|
0-0: Ball 1-0: Ball 2-0: Ball 3-0: Ground out 5-3 (Groundball, 56S) José Cruz to third Desi Thompson to second
|
Batting: LHB Dudley Cooper
|
0-0: Ball 1-0: Called Strike 1-1: Foul Ball, location: 2F 1-2: Foul Ball, location: 2F 1-2: Foul Ball, location: 2F 1-2: Fly out, F7 (Flyball, 78S)
|
Bottom of the 5th over - 0 runs, 2 hits, 0 errors, 2 left on base; Utica 0 - Memphis 0 |
TOP OF THE 6TH |
Utica Unicorns batting - Pitching for Memphis Redbirds : RHP António Cruz
|
Batting: LHB Raúl Morales
|
0-0: Called Strike 0-1: Foul Ball, location: 2F 0-2: Foul Ball, location: 2F 0-2: Foul Ball, location: 2F 0-2: Strikes out looking
|
Batting: LHB Dave Reynolds
|
0-0: Foul Ball, location: 2F 0-1: Ball 1-1: Ball 2-1: Ball 3-1: Foul Ball, location: 2F 3-2: Base on Balls
|
Batting: LHB José Román
|
0-0: Ball 1-0: Called Strike 1-1: Called Strike 1-2: Ball Dave Reynolds steals 2nd base 2-2: Ball 3-2: Intentional Walk
|
Batting: RHB Kenny Cole
|
0-0: Foul Ball, location: 2F 0-1: Ball 1-1: Ball 2-1: Fly out, F8 (Flyball, 8RM) Runner from 2nd tags up, SAFE at 3rd with throw
|
Batting: SHB Ralph Robison
|
0-0: Ball 1-0: Ball 2-0: Called Strike 2-1: Called Strike 2-2: Strikes out looking
|
Top of the 6th over - 0 runs, 0 hits, 0 errors, 2 left on base; Utica 0 - Memphis 0 |
BOTTOM OF THE 6TH |
Memphis Redbirds batting - Pitching for Utica Unicorns : RHP Paul Clark
|
Batting: RHB Stan Taylor
|
0-0: Ball 1-0: Called Strike 1-1: Ball 2-1: Foul Ball, location: 2F 2-2: Ground out 5-3 (Groundball, 56)
|
Batting: RHB Félix Gonzáles
|
0-0: Foul Ball, location: 2F 0-1: Ball 1-1: Ball 2-1: Swinging Strike 2-2: Strikes out looking
|
Batting: LHB Milo Powers
|
0-0: Ball 1-0: Called Strike 1-1: Ball 2-1: Swinging Strike 2-2: Ball 3-2: Fly out, F1 (Popup, 15)
|
Bottom of the 6th over - 0 runs, 0 hits, 0 errors, 0 left on base; Utica 0 - Memphis 0 |
TOP OF THE 7TH |
Utica Unicorns batting - Pitching for Memphis Redbirds : RHP António Cruz
|
Batting: RHB Micheal Banks
|
0-0: Fly out, F8 (Flyball, 8LXD)
|
Batting: RHB Marcos Castillo
|
0-0: Ball 1-0: Called Strike 1-1: Called Strike 1-2: Ball 2-2: Strikes out swinging
|
Batting: RHB Pablo Díaz
|
0-0: Called Strike 0-1: Ball 1-1: Fly out, F8 (Flyball, 78S)
|
Top of the 7th over - 0 runs, 0 hits, 0 errors, 0 left on base; Utica 0 - Memphis 0 |
BOTTOM OF THE 7TH |
Memphis Redbirds batting - Pitching for Utica Unicorns : RHP Paul Clark
|
Batting: LHB Mike Pearson
|
0-0: Ball 1-0: Called Strike 1-1: Ball 2-1: Foul Ball, location: 2F 2-2: Fly out, F9 (Flyball, 9S)
|
Batting: SHB Javier Peña
|
0-0: Ball 1-0: SINGLE (Line Drive, 89S)
|
Pinch Hitting: LHB Al Miller
|
0-0: Ball 1-0: Foul Ball, location: 2F 1-1: Ball 2-1: Foul Ball, location: 2F 2-2: Foul Ball, location: 2F 2-2: Foul Ball, location: 2F 2-2: SINGLE (Groundball, 6D) Javier Peña to second
|
Batting: RHB Desi Thompson
|
0-0: Called Strike 0-1: Called Strike 0-2: Ball 1-2: Foul Ball, location: 2F 1-2: Foul Ball, location: 2F 1-2: Foul Ball, location: 2F 1-2: Ball 2-2: Foul Ball, location: 2F 2-2: Strikes out swinging
|
Batting: RHB Rusty Bennett
|
0-0: Called Strike 0-1: Called Strike 0-2: Foul Ball, location: 2F 0-2: Ball 1-2: Foul Ball, location: 2F 1-2: Fly out, F9 (Flyball, 9D)
|
Bottom of the 7th over - 0 runs, 2 hits, 0 errors, 2 left on base; Utica 0 - Memphis 0 |
TOP OF THE 8TH |
Utica Unicorns batting - Pitching for Memphis Redbirds : RHP António Cruz
|
Pitching: RHP Álex Villegas
|
|
Now in CF: Dave Boom
|
|
Pinch Hitting: LHB Mitchell Oglethorpe
|
0-0: Ball 1-0: Called Strike 1-1: Ball 2-1: Foul Ball, location: 2F 2-2: Ball 3-2: Foul Ball, location: 2F 3-2: Foul Ball, location: 2F 3-2: Foul Ball, location: 2F 3-2: SINGLE (Flyball, 7LS)
|
Pitching: LHP Jeff Jackson
|
|
Batting: LHB Raúl Morales
|
0-0: Sac Bunt - play at first, batter OUT! 1-4 Mitchell Oglethorpe to second
|
Pinch Hitting: RHB José Velázquez
|
0-0: Intentional Walk
|
Batting: LHB José Román
|
0-0: Called Strike 0-1: Swinging Strike 0-2: Strikes out swinging
|
Pitching: RHP Luis Pérez
|
|
Batting: RHB Kenny Cole
|
0-0: Ball 1-0: Foul Ball, location: 2F 1-1: Ball 2-1: Ball 3-1: Foul Ball, location: 2F 3-2: Ground out 1-3 (Groundball, 13)
|
Top of the 8th over - 0 runs, 1 hit, 0 errors, 2 left on base; Utica 0 - Memphis 0 |
BOTTOM OF THE 8TH |
Memphis Redbirds batting - Pitching for Utica Unicorns : RHP Paul Clark
|
Pitching: RHP Robinson Ramírez
|
|
Now at SS: Juan Caceres
|
|
Now in LF: António Magana
|
|
Batting: LHB Dudley Cooper
|
0-0: Ball 1-0: Called Strike 1-1: Ball 2-1: Foul Ball, location: 2F 2-2: SOLO HOME RUN (Flyball, 8RXD), Distance : 415 ft
|
Batting: RHB Stan Taylor
|
0-0: Ball 1-0: Ground out 4-3 (Groundball, 4)
|
Batting: RHB Félix Gonzáles
|
0-0: Ball 1-0: Foul Ball, location: 2F 1-1: Ball 2-1: Ground out 6-3 (Groundball, 6)
|
Pitching: LHP Alberto Martínez
|
|
Batting: LHB Milo Powers
|
0-0: DOUBLE (Flyball, 78XD)
|
Pitching: RHP Kevin Bader
|
|
Batting: LHB Mike Pearson
|
0-0: Called Strike 0-1: Ball 1-1: Foul Ball, location: 2F 1-2: Ball 2-2: Ball 3-2: Foul Ball, location: 2F 3-2: Base on Balls
|
Batting: SHB Javier Peña
|
0-0: Called Strike 0-1: Ball 1-1: Foul Ball, location: 2F 1-2: Strikes out swinging
|
Bottom of the 8th over - 1 run, 2 hits, 0 errors, 2 left on base; Utica 0 - Memphis 1 |
|